[Event "Titled Tuesday Blitz February 22 Late 2022"]
[White "Hess, Robert"]
[Black "Tari, Aryan"]
[WhiteFideId "2022036"]
[BlackFideId "1510045"]
[WhiteElo "2557"]
[BlackElo "2567"]
[Result "1-0"]
[Round "05"]
[TimeControl "180+1"]
[Date "2022.02.22"]
[WhiteClock "0:00:02"]
[BlackClock "0:00:03"]

1. b3 a5 2. c4 a4 3. bxa4 Nf6 4. e3 e6 5. Nf3 d5 6. Nc3 Be7 7. Bb2 O-O 8. d4 Ne4 9. Nxe4 dxe4 10. Nd2 f5 11. c5 Nd7 12. Bc4 Nf6 13. Bb3 Nd5 14. O-O Bd7 15. Nc4 Qe8 16. a5 Bb5 17. Qd2 Bg5 18. Rfe1 Kh8 19. Ne5 f4 20. Qc2 fxe3 21. fxe3 Bxe3+ 22. Kh1 Rf2 23. Qxe4 Bf4 24. Bxd5 exd5 25. Qf5 Qf8 26. Qxf8+ Rxf8 27. Bc1 Bxe5 28. Be3 Bg3 29. hxg3 R2f6 30. Bf4 c6 31. Re7 Ba6 32. Rae1 h6 33. Kg1 Kg8 34. Be5 Rg6 35. Re3 Rf1+ 36. Kh2 Rf5 37. Rf3 Rxf3 38. gxf3 h5 39. f4 h4 40. gxh4 Rg4 41. f5 Kf8 42. Rc7 Rxh4+ 43. Kg3 Rh7 44. f6 Kg8 45. f7+ 1-0


[Site "https://www.chess.com"]

[Event "Titled Tuesday Blitz February 22 Late 2022"]
[White "Hjartarson, Johann"]
[Black "Gracia Alvarez, Gerardo Antonio"]
[WhiteFideId "2300044"]
[BlackFideId "5109124"]
[WhiteElo "2484"]
[BlackElo "2139"]
[Result "1-0"]
[Round "05"]
[TimeControl "180+1"]
[Date "2022.02.23"]
[WhiteClock "0:01:08"]
[BlackClock "0:00:17"]

1. c4 g6 2. g3 Bg7 3. Bg2 Nf6 4. Nc3 O-O 5. e4 d6 6. Nge2 c5 7. d3 Nc6 8. h3 Ne8 9. O-O Nc7 10. Be3 Ne6 11. f4 a6 12. Qd2 Rb8 13. f5 Ned4 14. Bh6 b5 15. Bxg7 Kxg7 16. b3 Bd7 17. Rf2 Qa5 18. f6+ exf6 19. Qf4 f5 20. Qxd6 b4 21. Nd5 Be6 22. exf5 Rbd8 23. f6+ Kh8 24. Qf4 Nxe2+ 25. Rxe2 Nd4 26. Re4 h5 27. Qh6+ 1-0


[Site "https://www.chess.com"]

[Event "Titled Tuesday Blitz February 22 Late 2022"]
[White "Hoffmann, Asa"]
[Black "Maltsevskaya, Aleksandra"]
[WhiteFideId "2001470"]
[BlackFideId "24174041"]
[WhiteElo "2117"]
[BlackElo "2283"]
[Result "0-1"]
[Round "05"]
[TimeControl "180+1"]
[Date "2022.02.23"]
[WhiteClock "0:00:41"]
[BlackClock "0:00:10"]

1. d4 Nf6 2. Bg5 Ne4 3. Bf4 c5 4. f3 Qa5+ 5. c3 Nf6 6. d5 e6 7. e4 exd5 8. exd5 d6 9. Qd2 Be7 10. c4 Qd8 11. Bd3 O-O 12. Nc3 a6 13. a4 Re8 14. Nge2 Nh5 15. Be3 Bf8 16. O-O Nd7 17. g4 Nhf6 18. Bf4 Ne5 19. Ng3 g6 20. Be2 Bg7 21. h3 Rb8 22. Bg5 Qa5 23. f4 Ned7 24. f5 Qb4 25. Rae1 b5 26. axb5 axb5 27. Nxb5 Rxb5 28. cxb5 Qb3 29. Bf3 Ne5 30. Kg2 Bb7 31. Re3 Qxb5 32. Rfe1 Nxf3 33. Rxe8+ Nxe8 34. Kxf3 Nc7 35. Ne4 Nxd5 36. Nxd6 Qb3+ 37. Kf2 Bd4+ 38. Kf1 Qxh3+ 39. Qg2 Ne3+ 40. Rxe3 Qxg2+ 41. Ke1 Bxe3 42. Bxe3 Bf3 43. Bf2 Qxg4 44. Ne8 Qe4+ 45. Kd2 Qxe8 46. Bxc5 Qe5 47. b4 g5 0-1


[Site "https://www.chess.com"]

[Event "Titled Tuesday Blitz February 22 Late 2022"]
[White "Holt, Conrad"]
[Black "Maksimovic, Bojan"]
[WhiteFideId "2034387"]
[BlackFideId "14408120"]
[WhiteElo "2586"]
[BlackElo "2450"]
[Result "0-1"]
[Round "05"]
[TimeControl "180+1"]
[Date "2022.02.22"]
[WhiteClock "0:00:04"]
[BlackClock "0:00:05"]

1. d4 a6 2. e4 b6 3. Bd3 Bb7 4. Nf3 e6 5. O-O d6 6. c4 Nd7 7. Nc3 g6 8. Bg5 Ne7 9. d5 e5 10. Nd2 h6 11. Bh4 g5 12. Bg3 Ng6 13. Qh5 Nf6 14. Qd1 h5 15. f3 Bh6 16. Re1 Bc8 17. Nf1 h4 18. Bf2 g4 19. fxg4 Nxg4 20. Be3 Nxe3 21. Nxe3 Qg5 22. Qf3 Nf4 23. Bc2 Rg8 24. Kh1 Qh5 25. Qf2 Qg5 26. Rad1 Nh5 27. Ba4+ Ke7 28. Bc6 Rb8 29. b4 Qf4 30. Qe2 Qg5 31. c5 Ng3+ 32. hxg3 hxg3 33. Kg1 Qh4 34. cxd6+ cxd6 35. Qf3 Bxe3+ 36. Qxe3 Bg4 37. Kf1 Rh8 38. Ne2 Rh6 39. Nxg3 Rf6+ 40. Kg1 Rh8 41. Nf5+ Bxf5 42. exf5 Rxf5 43. Qh3 Qf2+ 44. Kh2 Rxh3+ 45. Kxh3 Rh5+ 46. Kg4 Rh4+ 47. Kg5 Qf4# 0-1


[Site "https://www.chess.com"]

[Event "Titled Tuesday Blitz February 22 Late 2022"]
[White "Horak, Martin"]
[Black "Rosen, Eric"]
[WhiteFideId "367095"]
[BlackFideId "2032562"]
[WhiteElo "1997"]
[BlackElo "2362"]
[Result "0-1"]
[Round "05"]
[TimeControl "180+1"]
[Date "2022.02.23"]
[WhiteClock "0:00:01"]
[BlackClock "0:00:12"]

1. d4 Nf6 2. c4 e6 3. g3 d5 4. Bg2 dxc4 5. Nf3 Bb4+ 6. Bd2 c5 7. O-O O-O 8. dxc5 Bxc5 9. Na3 a6 10. Nxc4 b5 11. Nce5 Bb7 12. Rc1 Qb6 13. b4 Bd4 14. Bf4 Rd8 15. Qc2 Nbd7 16. Nc6 Bxf2+ 17. Rxf2 Ng4 18. e3 Nxf2 19. Kxf2 Bxc6 20. Qxc6 Qxc6 21. Rxc6 Nf6 22. Ne5 Rd2+ 23. Kf1 Rxa2 24. Rc7 Rd8 25. Bf3 Ne4 26. Re7 Nd2+ 0-1


[Site "https://www.chess.com"]

[Event "Titled Tuesday Blitz February 22 Late 2022"]
[White "Jarocka, Liwia"]
[Black "Jaferian, Koosha"]
[WhiteFideId "21807558"]
[BlackFideId "12507440"]
[WhiteElo "1896"]
[BlackElo "2027"]
[Result "0-1"]
[Round "05"]
[TimeControl "180+1"]
[Date "2022.02.23"]
[WhiteClock "0:00:07"]
[BlackClock "0:00:08"]

1. c4 Nf6 2. Nf3 e6 3. Nc3 Bb4 4. g3 O-O 5. Bg2 c5 6. O-O Nc6 7. e3 Ba5 8. d4 cxd4 9. exd4 d5 10. Ne5 Bc7 11. Nxc6 bxc6 12. Re1 Ba6 13. cxd5 cxd5 14. Bg5 Rc8 15. Rc1 Ba5 16. Bf1 Bxf1 17. Rxf1 h6 18. Bxf6 Qxf6 19. Ne2 Bb6 20. Qd3 Qe7 21. a3 Qg5 22. f4 Qg4 23. Kg2 Qh5 24. h3 Rfd8 25. g4 Qh4 26. f5 Rxc1 27. Rxc1 exf5 28. Qxf5 g6 29. Qf2 Qg5 30. Rf1 Rf8 31. Qf4 Qe7 32. Rf2 Kh7 33. Qf6 Qe4+ 34. Qf3 Qe6 35. Qf6 Qe4+ 36. Qf3 Qe6 37. Qf6 Qxf6 38. Rxf6 Kg7 39. Rd6 Rc8 40. Kf3 Rc2 41. b4 Ra2 42. Rxd5 Rxa3+ 43. Kf2 Rxh3 44. b5 Rd3 45. Rd7 Rb3 46. Rd5 Rb2 47. Ke3 Rb3+ 48. Kf2 Ra3 49. Nf4 Ra4 50. Ke3 Rb4 51. Ke4 Rb1 52. Rd7 Re1+ 53. Kd5 Rd1 54. Ne6+ Kf6 55. Nc5 Rg1 56. Ne4+ Kg7 57. Nd6 Rxg4 58. Rxf7+ Kg8 59. Rd7 Rxd4+ 60. Ke6 Rf4 61. Nf7 Re4+ 62. Kd5 Rd4+ 0-1


[Site "https://www.chess.com"]

[Event "Titled Tuesday Blitz February 22 Late 2022"]
[White "Karttunen, Mika"]
[Black "Jimenez Almeida, Luis David"]
[WhiteFideId "502081"]
[BlackFideId "22242244"]
[WhiteElo "2343"]
[BlackElo "2092"]
[Result "1-0"]
[Round "05"]
[TimeControl "180+1"]
[Date "2022.02.23"]
[WhiteClock "0:00:02"]
[BlackClock "0:00:02"]

1. d4 Nf6 2. c4 g6 3. Nc3 d5 4. Nf3 Bg7 5. Bg5 Ne4 6. cxd5 Nxg5 7. Nxg5 c6 8. e3 cxd5 9. Qb3 e6 10. f4 O-O 11. h4 Nc6 12. h5 b6 13. hxg6 hxg6 14. Bb5 Ne7 15. Qd1 Bd7 16. Bd3 f6 17. Nh7 Re8 18. Qf3 Rc8 19. O-O-O b5 20. Kb1 b4 21. Ne2 b3 22. a3 Qb6 23. g4 Bb5 24. Nc1 Rc2 25. g5 fxg5 26. Nxg5 Nf5 27. Qh3 Rxc1+ 28. Kxc1 Qc6+ 29. Kb1 Bxd3+ 30. Ka1 Be4 31. Rc1 Qd7 32. Qh7+ Kf8 33. Qxg6 Ke7 34. Rh7 Rg8 35. Nf3 Kd6 36. Ne5 Qe7 37. Qg5 Qxg5 38. fxg5 Ke7 39. Nc6+ Kd6 40. Nxa7 Bf8 41. Nb5# 1-0


[Site "https://www.chess.com"]

[Event "Titled Tuesday Blitz February 22 Late 2022"]
[White "Khanin, Semen"]
[Black "Martirosyan, Haik M."]
[WhiteFideId "4111990"]
[BlackFideId "13306553"]
[WhiteElo "2442"]
[BlackElo "2735"]
[Result "0-1"]
[Round "05"]
[TimeControl "180+1"]
[Date "2022.02.22"]
[WhiteClock "0:00:01"]
[BlackClock "0:01:11"]

1. e4 e6 2. d4 d5 3. e5 c5 4. c3 Bd7 5. Nf3 Qb6 6. Bd3 Bb5 7. dxc5 Bxc5 8. b4 Bf8 9. Bxb5+ Qxb5 10. Na3 Qd7 11. O-O Ne7 12. c4 dxc4 13. Nxc4 Nd5 14. Qb3 Be7 15. b5 O-O 16. a4 Rc8 17. Bb2 Qd8 18. Rac1 Nd7 19. Nd6 Bxd6 20. exd6 Nc5 21. Qd1 Qxd6 22. Qd4 f6 23. Ba3 b6 24. Nd2 e5 25. Ne4 Qe6 26. Nxc5 Rxc5 27. Qe4 Rxc1 28. Rxc1 Rd8 29. h3 f5 30. Qh4 Re8 31. Rc6 Qf7 32. Rd6 Nf4 33. g3 Ng6 34. Qg5 Nf8 35. Rc6 Ne6 36. Qe3 f4 37. Qe4 fxg3 38. fxg3 Ng5 39. Qe2 Nxh3+ 40. Kg2 Ng5 41. Rc1 Qd5+ 42. Kh2 Nf3+ 43. Kh3 Nd4 44. Qd3 Qe6+ 45. Kg2 Qd5+ 46. Kh3 Rd8 47. Qc4 Qxc4 48. Rxc4 Rd7 49. Bc1 Kf7 50. Kg2 Ke6 51. Be3 Kd5 52. Rc8 Ke4 53. Bf2 h6 54. Re8 Kd5 55. Be3 Ne6 56. Bf2 Rc7 57. Rg8 Rc4 58. a5 bxa5 59. Bxa7 Rb4 60. b6 a4 61. Rc8 a3 62. Rc3 a2 63. Ra3 Rb2+ 64. Kh3 Nc5 65. Ra5 Kc6 66. Ra3 Nb3 67. b7 Kxb7 0-1


[Site "https://www.chess.com"]

[Event "Titled Tuesday Blitz February 22 Late 2022"]
[White "Khater, Sherif"]
[Black "Lopez Perdomo, Juan David"]
[WhiteFideId "2034280"]
[BlackFideId "4405137"]
[WhiteElo "2589"]
[BlackElo "1997"]
[Result "0-1"]
[Round "05"]
[TimeControl "180+1"]
[Date "2022.02.23"]
[WhiteClock "0:00:22"]
[BlackClock "0:00:08"]

1. b3 e6 2. Bb2 d5 3. f4 Nf6 4. Nf3 Be7 5. e3 c5 6. Bb5+ Bd7 7. Bxd7+ Nbxd7 8. O-O a6 9. d3 b5 10. Nbd2 Qb6 11. Kh1 Ng4 12. Qe2 c4 13. Bd4 Bc5 14. Bxc5 Nxc5 15. Nd4 Nf6 16. dxc4 dxc4 17. bxc4 bxc4 18. Nxc4 Qc7 19. Ne5 O-O 20. h3 Nfe4 21. Qe1 f6 22. Nd3 e5 23. Nxc5 Qxc5 24. Ne6 Qxc2 25. Nxf8 Rxf8 26. fxe5 Qc7 27. Rf4 Qxe5 28. Rc1 g5 29. Rf3 h5 30. Rc4 h4 31. Qb1 Ng3+ 32. Kg1 Kg7 33. Rd4 Rf7 34. Rd8 Ne2+ 35. Kf2 Ng3 36. Rb8 Ne4+ 37. Kg1 Nd2 38. Qd3 Nxf3+ 39. gxf3 Qxb8 40. Qf5 Qg3+ 41. Kh1 Rc7 42. Qb1 Qxf3+ 43. Kg1 Qxe3+ 44. Kh1 Rc1+ 45. Qxc1 Qxc1+ 46. Kg2 Qd2+ 47. Kf3 Kg6 48. a4 Kf5 49. a5 Qd3+ 50. Kg2 Kf4 51. Kf2 Qd2+ 52. Kf1 Kg3 0-1


[Site "https://www.chess.com"]

[Event "Titled Tuesday Blitz February 22 Late 2022"]
[White "Kim, Sergey"]
[Black "Zlatin, Alexander"]
[WhiteFideId "13700570"]
[BlackFideId "2810549"]
[WhiteElo "2632"]
[BlackElo "2228"]
[Result "1/2-1/2"]
[Round "05"]
[TimeControl "180+1"]
[Date "2022.02.23"]
[WhiteClock "0:00:05"]
[BlackClock "0:00:06"]

1. d4 d5 2. c4 e6 3. Nc3 c5 4. e3 Nf6 5. Nf3 Nc6 6. a3 a6 7. Bd3 dxc4 8. Bxc4 b5 9. Ba2 Bb7 10. O-O Be7 11. Qe2 O-O 12. Rd1 Qb6 13. d5 exd5 14. Nxd5 Nxd5 15. Bxd5 Bf6 16. a4 Rad8 17. e4 Rfe8 18. Be3 Nd4 19. Bxd4 cxd4 20. Bxb7 Qxb7 21. e5 d3 22. Rxd3 Be7 23. Rxd8 Rxd8 24. e6 f6 25. h3 Qd5 26. axb5 axb5 27. Re1 g6 28. Qe3 Kg7 29. Qa7 Qc5 30. Qb7 Rd3 31. Ra1 Kh6 32. Qe4 Qd5 33. Qe2 g5 34. Re1 b4 35. Nh2 Rd2 36. Ng4+ Kg7 37. Qa6 h5 38. Ne3 Qc5 39. Qb7 Rxb2 40. Nf5+ Qxf5 41. Qxe7+ Kg6 42. Qf7+ Kh6 43. Rf1 Re2 44. e7 Qe6 45. Qf8+ Kg6 46. Qe8+ Kg7 47. Qf8+ Kg6 48. Qe8+ Kg7 49. Qb5 Qxe7 50. g3 Re1 51. Rxe1 Qxe1+ 52. Kg2 Qe7 53. Qc4 Qd6 54. g4 Qe7 55. Kg3 h4+ 56. Kg2 Qd6 57. Kg1 Qe7 58. Kg2 Kf8 59. Qc8+ Kf7 60. Qc4+ Kg7 61. Qc8 Qf7 62. Qb8 b3 63. Qb5 Qe6 64. Qb7+ Kg6 65. Kg1 Qe1+ 66. Kg2 Qe6 67. Kg1 Qf7 68. Qb4 Kg7 69. Qb6 Kg8 70. Kg2 Kf8 71. Kh2 Kg7 72. Qb4 Qd5 73. Qb6 Qf7 74. Qb4 Kg8 75. Qb8+ Kg7 76. Qb4 1/2-1/2


[Site "https://www.chess.com"]

[Event "Titled Tuesday Blitz February 22 Late 2022"]
[White "Klukin, Kirill"]
[Black "Piesik, Piotr"]
[WhiteFideId "24199273"]
[BlackFideId "1136194"]
[WhiteElo "2324"]
[BlackElo "2232"]
[Result "0-1"]
[Round "05"]
[TimeControl "180+1"]
[Date "2022.02.23"]
[WhiteClock "0:00:05"]
[BlackClock "0:00:11"]

1. e4 g6 2. d4 Bg7 3. Nf3 c6 4. c4 d5 5. cxd5 cxd5 6. e5 Nc6 7. h3 Nh6 8. Be2 f6 9. exf6 exf6 10. Nc3 Be6 11. O-O O-O 12. Bf4 Nf5 13. Qd2 Re8 14. Rfe1 Bf7 15. Rac1 Nd6 16. Bd3 Qd7 17. Bh6 Rxe1+ 18. Rxe1 Re8 19. Bxg7 Kxg7 20. Rxe8 Qxe8 21. Qf4 Qe7 22. h4 h6 23. g3 g5 24. Qd2 Ne4 25. Bxe4 dxe4 26. Nh2 f5 27. hxg5 hxg5 28. Nf1 Qf6 29. Ne3 Kg6 30. Ne2 Bxa2 31. g4 f4 32. Nf5 Be6 33. d5 Ne5 34. Ned4 Bxd5 35. Qb4 Bf7 36. Qf8 Nxg4 37. Ne7+ Kh7 38. Ndf5 Be6 39. Qe8 Bxf5 40. Nd5 Qg7 41. Ne7 Bg6 42. Qd7 Nf6 43. Qh3+ Bh5 44. Qe6 Bg6 45. Qh3+ Qh6 46. Qe6 Qh4 47. Qxf6 Qg4+ 48. Kh2 Qh5+ 49. Kg1 f3 50. Qe6 g4 51. Nd5 Qg5 52. Nf6+ Kg7 53. Qe7+ Kh6 54. Ng8+ Kh5 55. Nf6+ Kh4 56. Qd6 g3 57. Kf1 Qc1+ 0-1


[Site "https://www.chess.com"]

[Event "Titled Tuesday Blitz February 22 Late 2022"]
[White "Kobo, Ori"]
[Black "Yang, Kaiqi"]
[WhiteFideId "2812320"]
[BlackFideId "8604398"]
[WhiteElo "2420"]
[BlackElo "2373"]
[Result "1-0"]
[Round "05"]
[TimeControl "180+1"]
[Date "2022.02.23"]
[WhiteClock "0:00:03"]
[BlackClock "0:00:01"]

1. c4 e6 2. Nc3 d5 3. d4 a6 4. c5 Nf6 5. Nf3 b6 6. cxb6 cxb6 7. Bf4 Bd6 8. e3 Bxf4 9. exf4 O-O 10. Bd3 Bb7 11. O-O Nc6 12. Rc1 Rc8 13. Re1 g6 14. Qd2 Ne7 15. Ne5 Ne4 16. Nxe4 dxe4 17. Rxc8 Nxc8 18. Bxe4 Bxe4 19. Rxe4 Qd5 20. Re1 Rd8 21. Qc3 f6 22. Nf3 Qxa2 23. Qc6 Qd5 24. Qxe6+ Kg7 25. Qe3 Rd7 26. Rc1 Nd6 27. h3 Nf5 28. Qe8 Nxd4 29. Nxd4 Qxd4 30. Rc8 Qd6 31. Qg8+ Kh6 32. Qc4 b5 33. Qe4 f5 34. Qe3 Qd1+ 35. Kh2 Qd5 36. Qg3 Qe6 37. Qc3 Kh5 38. Rc6 Qd5 39. Qg3 Kh6 40. Qg5+ Kg7 41. Qf6+ Kh6 42. Qg5+ Kg7 43. Rxa6 Qf7 44. Ra8 h6 45. Qg3 Kh7 46. Qc3 Qg7 47. Qc8 h5 48. Rb8 Kh6 49. Rxb5 Rd4 50. Qb8 Re4 51. Rb7 Qf6 52. Qc7 Qh8 53. b4 1-0


[Site "https://www.chess.com"]

[Event "Titled Tuesday Blitz February 22 Late 2022"]
[White "Kostiukov, Alexandr"]
[Black "mohssenbinaddi"]
[WhiteFideId "14108100"]
[WhiteElo "2202"]
[BlackElo "2178"]
[Result "1-0"]
[Round "05"]
[TimeControl "180+1"]
[Date "2022.02.23"]
[WhiteClock "0:00:08"]
[BlackClock "0:00:23"]

1. e4 c6 2. g3 d5 3. d3 dxe4 4. dxe4 Qxd1+ 5. Kxd1 Bg4+ 6. f3 Bh5 7. Be3 Nf6 8. Nd2 Nbd7 9. h4 h6 10. g4 Bg6 11. Ke2 e6 12. Nh3 Bd6 13. Nc4 Bc7 14. a4 O-O 15. a5 b5 16. Nd2 a6 17. Nf4 Bh7 18. g5 Ne8 19. gxh6 gxh6 20. Bh3 Nef6 21. Rhg1+ Kh8 22. b4 Be5 23. Rab1 Rg8 24. Nb3 Rxg1 25. Rxg1 Rg8 26. Rd1 Rg3 27. Bf1 Bg6 28. Nd3 Bh5 29. Nd2 Bc3 30. Bf4 Rg8 31. Nb3 Kh7 32. Bd2 Bxd2 33. Rxd2 Nxe4 34. Rd1 Nc3+ 35. Kd2 Nxd1 36. Kxd1 Bxf3+ 37. Kd2 Bd5 38. Nbc5 Nxc5 39. Nxc5 Rg1 40. Bd3+ Kg7 41. Nxa6 Rg2+ 42. Kc3 Rh2 43. Nc5 Rxh4 44. a6 Rh1 45. Kb2 Rh4 46. a7 Rxb4+ 47. Kc3 Rb1 48. a8=Q Rh1 49. Qb8 Kf6 50. Qf4+ Ke7 51. Qc7+ Kf6 52. Qf4+ Ke7 53. Be4 1-0


[Site "https://www.chess.com"]

[Event "Titled Tuesday Blitz February 22 Late 2022"]
[White "Kozak, Adam"]
[Black "Yordanov, Nikolay Plamenov"]
[WhiteFideId "753246"]
[BlackFideId "2907445"]
[WhiteElo "2459"]
[BlackElo "2248"]
[Result "1-0"]
[Round "05"]
[TimeControl "180+1"]
[Date "2022.02.22"]
[WhiteClock "0:00:03"]
[BlackClock "0:00:04"]

1. e4 c5 2. b3 Nc6 3. Bb2 d6 4. Nf3 Nf6 5. Nc3 a6 6. a4 e5 7. Bc4 Be7 8. h3 O-O 9. g4 Nd4 10. Rg1 Rb8 11. a5 Be6 12. g5 Ne8 13. h4 Nc7 14. d3 d5 15. exd5 Nxd5 16. Ne4 Nxf3+ 17. Qxf3 Nb4 18. Qe2 Bxc4 19. bxc4 Nc6 20. Bc3 Nd4 21. Bxd4 exd4 22. Kf1 Re8 23. Qf3 Bf8 24. Nf6+ gxf6 25. gxf6+ Kh8 26. Rg5 Re6 27. Rf5 Bh6 28. Kg2 Qd6 29. Kh1 Rg8 30. Rb1 Qc6 31. Qxc6 bxc6 32. Rb6 Re1+ 33. Kh2 Reg1 34. Rxc6 R1g2+ 35. Kh3 Rg1 36. Kh2 Bf8 37. Rxa6 R1g2+ 38. Kh3 Rg1 39. Kh2 R1g4 40. Kh3 R4g6 41. Rg5 Rh6 42. Rxg8+ Kxg8 43. Rc6 Rg6 44. a6 Rg1 45. Rc7 Ra1 46. a7 h5 47. Kg2 Kh7 48. Rd7 Ra6 49. Rxf7+ Kg6 50. Rd7 Rxa7 51. Rxa7 Bd6 52. Ra6 Kf5 53. Rxd6 1-0


[Site "https://www.chess.com"]

[Event "Titled Tuesday Blitz February 22 Late 2022"]
[White "Kujawski, Adam"]
[Black "Zong, Davis"]
[WhiteFideId "1100920"]
[BlackFideId "30903955"]
[WhiteElo "2053"]
[BlackElo "2061"]
[Result "0-1"]
[Round "05"]
[TimeControl "180+1"]
[Date "2022.02.23"]
[WhiteClock "0:00:01"]
[BlackClock "0:00:15"]

1. e4 e5 2. Nf3 Nc6 3. Bb5 a6 4. Ba4 Nf6 5. O-O Be7 6. Re1 b5 7. Bb3 O-O 8. h3 d6 9. c3 Na5 10. Bc2 c5 11. d4 Qc7 12. Nbd2 cxd4 13. cxd4 Nc6 14. d5 Nb4 15. Bb1 a5 16. a3 Na6 17. b4 Bd7 18. Qb3 Rfc8 19. Qb2 Qc3 20. Qxc3 Rxc3 21. Bb2 Rcc8 22. bxa5 Nc5 23. Bc2 Rxa5 24. Bc3 Raa8 25. Bb4 Na6 26. Bd3 Nxb4 27. axb4 Bd8 28. Bf1 Bb6 29. Rxa8 Rxa8 30. Nb1 Ra2 31. Nfd2 Rb2 32. Rd1 Rxb4 33. Nc3 Rb2 34. Bd3 b4 35. Nb5 b3 36. Nxd6 Bd4 37. N6c4 Ra2 38. Rb1 b2 39. Bc2 Nh5 40. Nf3 Bc3 41. Nfxe5 Bb5 42. Nd3 Bxc4 43. Nc5 Ra1 44. f3 Ba2 0-1


[Site "https://www.chess.com"]

[Event "Titled Tuesday Blitz February 22 Late 2022"]
[White "Le Goff, Ronan"]
[Black "Curtis, John"]
[WhiteFideId "612073"]
[BlackFideId "3200256"]
[WhiteElo "2276"]
[BlackElo "2203"]
[Result "0-1"]
[Round "05"]
[TimeControl "180+1"]
[Date "2022.02.23"]
[WhiteClock "0:01:37"]
[BlackClock "0:00:41"]

1. d4 Nf6 2. Nc3 d5 3. Bf4 e6 4. Nb5 Na6 5. e3 c6 6. Nc3 Nc7 7. Bd3 Bd6 8. Nh3 Qe7 9. e4 e5 10. dxe5 Bxe5 11. Bxe5 Qxe5 12. f4 Qd4 13. e5 Bxh3 14. gxh3 Qe3+ 15. Qe2 Qxe2+ 16. Kxe2 Nd7 17. Rhg1 g6 18. h4 Ne6 19. Kf3 Ndc5 20. h5 Nd4+ 21. Kf2 Nxd3+ 22. cxd3 O-O-O 23. Rac1 Kb8 24. b4 a6 25. a4 f6 26. exf6 Rdf8 27. hxg6 hxg6 28. Rxg6 Rxh2+ 29. Kg3 Rd2 30. b5 Rxd3+ 31. Kg4 Nb3 32. Rc2 Nd4 33. Rc1 Nb3 34. Re1 Rxc3 35. bxa6 Nc5 36. axb7 Ne4 37. Kf5 Rg3 38. Rxe4 Rxg6 39. Re8+ Rxe8 40. f7 Rgg8 41. fxg8=Q Rxg8 42. Ke5 Kxb7 43. f5 Kb6 44. f6 Re8+ 45. Kd6 Rf8 46. Ke7 Rxf6 47. Kxf6 d4 48. Ke5 d3 49. Kd4 d2 50. Kc4 d1=Q 51. a5+ Kxa5 52. Kc3 Qc1+ 53. Kb3 Qb1+ 54. Ka3 Kb6 55. Ka4 Kc5 56. Ka3 Kc4 57. Ka4 Qb4# 0-1


[Site "https://www.chess.com"]

[Event "Titled Tuesday Blitz February 22 Late 2022"]
[White "Lehtosaari, Mauri"]
[Black "Gomez Ledo, Roberto Carlos"]
[WhiteFideId "501999"]
[BlackFideId "3507076"]
[WhiteElo "2442"]
[BlackElo "2379"]
[Result "0-1"]
[Round "05"]
[TimeControl "180+1"]
[Date "2022.02.23"]
[WhiteClock "0:00:32"]
[BlackClock "0:00:47"]

1. d4 Nf6 2. Nf3 d5 3. Bg5 c6 4. Nbd2 Qb6 5. Nb3 Bf5 6. e3 Nbd7 7. c3 e6 8. Nh4 h6 9. Bxf6 Nxf6 10. Nxf5 exf5 11. Bd3 g6 12. O-O Bd6 13. Rb1 O-O 14. c4 Qc7 15. h3 Rfe8 16. cxd5 Nxd5 17. Qf3 Qe7 18. a3 Rad8 19. Rbc1 Qg5 20. Bc4 Nxe3 21. fxe3 Rxe3 22. Qf2 Rxh3 23. Rfd1 Bg3 24. Qf3 Bh2+ 0-1


[Site "https://www.chess.com"]

[Event "Titled Tuesday Blitz February 22 Late 2022"]
[White "Leitao, Rafael"]
[Black "Mickiewicz, Piotr"]
[WhiteFideId "2101246"]
[BlackFideId "1114891"]
[WhiteElo "2609"]
[BlackElo "2266"]
[Result "1-0"]
[Round "05"]
[TimeControl "180+1"]
[Date "2022.02.23"]
[WhiteClock "0:00:20"]
[BlackClock "0:00:05"]

1. c4 g6 2. Nc3 Bg7 3. e4 c5 4. g3 Nc6 5. d3 Nf6 6. Bg2 O-O 7. Nge2 Ne8 8. Be3 d6 9. d4 cxd4 10. Nxd4 Nc7 11. O-O Ne6 12. Nde2 a5 13. Rc1 Nc5 14. Qd2 a4 15. Nb5 Qa5 16. Nec3 Nb4 17. Bh6 Nbd3 18. Bxg7 Kxg7 19. Rc2 Be6 20. Qe3 f6 21. Nd5 Bxd5 22. exd5 Rae8 23. Nd4 Nb4 24. Re2 Nxa2 25. h4 Nb4 26. h5 Nbd3 27. hxg6 hxg6 28. Be4 Ne5 29. Rc1 Rh8 30. Bb1 Rh5 31. g4 Nxg4 32. Qg3 Ne5 33. f4 Reh8 34. Kg2 Rh2+ 35. Qxh2 Rxh2+ 36. Kxh2 Ng4+ 37. Kg3 Nh6 38. Rxe7+ Nf7 39. Re2 Qb6 40. Ne6+ Nxe6 41. dxe6 1-0


[Site "https://www.chess.com"]

[Event "Titled Tuesday Blitz February 22 Late 2022"]
[White "Levine, Joseph"]
[Black "Liu, Leonardo"]
[WhiteFideId "30940346"]
[BlackFideId "30965780"]
[WhiteElo "1802"]
[BlackElo "2220"]
[Result "1-0"]
[Round "05"]
[TimeControl "180+1"]
[Date "2022.02.23"]
[WhiteClock "0:00:48"]
[BlackClock "0:02:29"]

1. e4 c5 2. Nf3 g6 3. d4 cxd4 4. Nxd4 Bg7 5. Nc3 Nc6 6. Be3 Nf6 7. Bc4 O-O 8. Bb3 Ng4 9. Qxg4 Nxd4 10. O-O-O Nxb3+ 11. axb3 d6 12. Qe2 Bxc3 13. bxc3 Qa5 14. Kb2 Be6 15. Ra1 Qc7 16. h4 Rac8 17. Bd4 a5 18. h5 Bd7 19. e5 g5 20. h6 f6 21. exf6 exf6 22. Rhe1 Rce8 23. Qf3 Bc6 24. Qf5 Bd7 25. Qd5+ Kh8 26. Qxg5 Bc6 27. Bxf6+ Rxf6 28. Qxf6+ Kg8 29. Rxe8+ Bxe8 30. Re1 1-0


[Site "https://www.chess.com"]

[Event "Titled Tuesday Blitz February 22 Late 2022"]
[White "Liang, Jason"]
[Black "Clawitter, Craig"]
[WhiteFideId "30940303"]
[BlackFideId "2023105"]
[WhiteElo "1976"]
[BlackElo "2215"]
[Result "1-0"]
[Round "05"]
[TimeControl "180+1"]
[Date "2022.02.23"]
[WhiteClock "0:00:07"]
[BlackClock "0:00:12"]

1. c3 e5 2. d3 d5 3. d4 e4 4. Bf4 Bd6 5. Bxd6 Qxd6 6. Qa4+ c6 7. Qa3 Qxa3 8. Nxa3 Nf6 9. e3 O-O 10. Ne2 Nbd7 11. c4 dxc4 12. Nxc4 Nb6 13. Nc3 Be6 14. Nd6 Bd5 15. Nxb7 Rab8 16. Nc5 Nbd7 17. Nxd7 Nxd7 18. b3 Nf6 19. Rc1 Rfc8 20. Ba6 Rc7 21. Be2 Kf8 22. Kd2 Ke7 23. h4 Kd6 24. g4 Ne8 25. g5 f5 26. gxf6 gxf6 27. Rhg1 Ke6 28. Nxd5 cxd5 29. Rxc7 Nxc7 30. Rg7 Ne8 31. Rxh7 Nd6 32. Rxa7 Nf5 33. h5 Nh4 34. h6 Rh8 35. h7 Ng6 36. Bh5 Ne7 37. Bg4+ f5 38. Ra6+ Kf7 39. Bh5+ Kg7 40. Ra7 Kf6 41. Ra6+ Kg7 42. Re6 Nc8 43. Bg6 Na7 44. Bxf5 Nb5 45. Rg6+ Kf7 46. Rg8 Rxg8 47. Be6+ Kxe6 48. hxg8=Q+ Kd6 49. Qb8+ Kc6 50. a4 Nc7 51. b4 Kd6 52. b5 Kd7 53. b6 Na6 54. Qb7+ Kd6 55. Qxa6 1-0


[Site "https://www.chess.com"]

[Event "Titled Tuesday Blitz February 22 Late 2022"]
[White "Loay, Sameer"]
[Black "Blohberger, Felix"]
[WhiteFideId "8104239"]
[BlackFideId "1632051"]
[WhiteElo "2040"]
[BlackElo "2474"]
[Result "1-0"]
[Round "05"]
[TimeControl "180+1"]
[Date "2022.02.23"]
[WhiteClock "0:00:50"]
[BlackClock "0:00:01"]

1. Nf3 Nf6 2. g3 g6 3. Bg2 Bg7 4. O-O O-O 5. d3 c5 6. c3 Nc6 7. e4 d6 8. Re1 Rb8 9. h3 b5 10. a3 a5 11. Be3 b4 12. axb4 axb4 13. Nbd2 Nd7 14. d4 Bb7 15. d5 Nce5 16. Nxe5 Nxe5 17. Qe2 bxc3 18. bxc3 Nd7 19. Rec1 Ra8 20. Qc4 Qc7 21. Rab1 Ba6 22. Qb3 Rfb8 23. Qc2 Ne5 24. c4 Rxb1 25. Rxb1 Rb8 26. Rxb8+ Qxb8 27. f4 Nd7 28. Qa4 Qb7 29. Kh2 Kf8 30. e5 Nb6 31. Qa5 Kg8 32. Bxc5 Nxc4 33. Nxc4 Bxc4 34. Qd8+ Bf8 35. exd6 Bxd5 36. dxe7 1-0


[Site "https://www.chess.com"]

[Event "Titled Tuesday Blitz February 22 Late 2022"]
[White "Lock, Gavin R"]
[Black "Martin Barcelo, Carles"]
[WhiteFideId "408646"]
[BlackFideId "24561444"]
[WhiteElo "2104"]
[BlackElo "1875"]
[Result "0-1"]
[Round "05"]
[TimeControl "180+1"]
[Date "2022.02.23"]
[WhiteClock "0:00:23"]
[BlackClock "0:00:54"]

1. d4 Nf6 2. Nf3 g6 3. Nc3 d5 4. Bf4 Bg7 5. Nb5 Na6 6. e3 O-O 7. h3 c6 8. Nc3 Nc7 9. Bd3 a6 10. O-O Nb5 11. Ne2 Nd6 12. a4 a5 13. b3 Bf5 14. c4 Bxd3 15. Qxd3 Nde4 16. Rab1 Qb6 17. Rfc1 Rac8 18. c5 Qa7 19. b4 axb4 20. Rxb4 Qa5 21. Qb3 Ra8 22. Ne5 Nh5 23. Bh2 Nd2 24. Qb2 Bxe5 25. Bxe5 Nc4 26. Bh2 Nxb2 0-1


[Site "https://www.chess.com"]